 Dungeon Crawl Stone Soup version 0.31.0-12-g77e489cdc1 (webtiles) character file.

Game seed: 13996369522163605094

8883 hawla the Protected (level 11, -3/82 HPs)
             Began as a Minotaur Fighter on Feb 19, 2024.
             Shot with an arrow by a centaur warrior (18 damage)
             ... on level 11 of the Dungeon.
             The game lasted 00:20:12 (9198 turns).

hawla the Protected (Minotaur Fighter)              Turns: 9198, Time: 00:20:13

Health: -3/82      AC: 19    Str: 19    XL:     11   Next: 15%
Magic:  10/10      EV:  7    Int:  5    God:
Gold:   437        SH:  9    Dex: 11    Spells: 10/10 levels left

rFire   . . .        y - +6 short sword of Dish {vamp, rPois Str-5 SInv}
rCold   . . .        K - +0 kite shield
rNeg    . . .        o - +0 plate armour
rPois   +            (helmet restricted)
rElec   .            (no cloak)
rCorr   .            j - +1 pair of gloves
SInv    +            (no boots)
Will    +....        s - amulet of regeneration Stlth
                     u - ring of willpower
HPRegen 1.13/turn    (no ring)
MPRegen 0.12/turn

%: no passive effects
@: about to teleport, studying Long Blades
A: horns 2, retaliatory headbutt
a: no special abilities


You were on level 11 of the Dungeon.
You visited 2 branches of the dungeon, and saw 12 of its levels.

You collected 716 gold pieces.
You spent 279 gold pieces at shops.

Inventory:

Hand Weapons
 n - the +5 short sword of Fimbulwinter {flame, rN+}
   (You found it on level 2 of the Dungeon)

   rN+:       It protects you from negative energy.
 y - the +6 short sword of Dish (weapon) {vamp, rPois Str-5 SInv}
   (You found it on level 4 of the Dungeon)

   Str-5:     It affects your strength (-5).
   rPois:     It protects you from poison SInv: It lets you see invisible.
 D - a +9 long sword
Missiles
 a - a curare-tipped dart
 f - 3 throwing nets (quivered)
 k - 32 poisoned darts
Armour
 c - a +2 buckler
 j - a +1 pair of gloves (worn)
 o - a +0 plate armour (worn)
 K - a +0 kite shield (worn)
Jewellery
 s - an amulet of regeneration (around neck)
 u - a ring of willpower (left hand)
 I - a ring of flight
Wands
 m - a wand of iceblast (28)
 r - a wand of flame (55)
 t - a wand of acid (9)
 x - a wand of mindburst (30)
 J - a wand of paralysis (1)
Scrolls
 b - 3 scrolls of enchant weapon
 l - a scroll of teleportation
 p - 4 scrolls of poison
 q - 4 scrolls of vulnerability
 C - 2 scrolls of fog
 F - a scroll of blinking {unknown}
Potions
 d - 2 potions of might
 e - 2 potions of magic
 g - 3 potions of curing
 h - a potion of mutation
 i - 2 potions of enlightenment
 v - 3 potions of brilliance
 w - 5 potions of heal wounds
 z - a potion of lignification {unknown}
 A - 3 potions of attraction {unknown}
 B - a potion of haste {unknown}
 E - 3 potions of resistance {unknown}
 G - a potion of invisibility {unknown}
 H - a potion of ambrosia {unknown}


   Skills:
 - Level 3.6 Fighting
 - Level 10.0 Short Blades
 - Level 7.4 Axes
 + Level 14.4 Armour
 - Level 5.0 Dodging
 + Level 6.8 Shields


You had 10 spell levels left.
You didn't know any spells.
Your spell library was empty.

Dungeon Overview and Level Annotations

Branches:
Dungeon (11/15)            Temple (1/1) D:7            Lair (0/5) D:8
    Orc: D:9-12

Altars:
Ashenzari
Cheibriados
Dithmenos
Elyvilon
Fedhas
Gozag
Hepliaklqana
Kikubaaqudgha
Makhleb
Nemelex Xobeh
Okawaru
Qazlal
Ru
Sif Muna
Trog
Uskayaw
Vehumet
Wu Jian
Xom
Yredelemnul
Zin
The Shining One

Shops:
D:6 ?

Portals:
Trove: D:11 (give 2 scrolls of acquirement)

Annotations:
D:9 2 transporters


Innate Abilities, Weirdness & Mutations

You have a pair of horns on your head.
You reflexively headbutt those who attack you in melee.


Message History

* * * LOW HITPOINT WARNING * * *
You block the troll's attack. The troll claws you but does no damage.
As you read the scroll of fear, it crumbles to dust.
You assume a fearsome visage.
The troll looks frightened!
The centaur warrior looks frightened!
The acid dragon looks frightened!
The air fills with toxic fumes!
As you read the scroll of poison, it crumbles to dust.
The centaur warrior is engulfed in poison gas.
The centaur warrior is poisoned.
The troll is engulfed in poison gas.
The troll is poisoned.
The centaur warrior is engulfed in poison gas.
The centaur warrior looks even sicker.
The troll is engulfed in poison gas.
The troll looks even sicker.
The troll weeps quietly.
The troll is engulfed in poison gas.
The troll looks even sicker.
You kill the troll!
You start resting.
The centaur warrior wields a +0 shortbow.
The centaur warrior shoots an arrow.
You block the arrow.
Aiming: Corrosive Bolt
Press: ? - help, Shift-Dir - straight line, f - you
Okay, then.
Aiming: Throw Flame
Press: ? - help, Shift-Dir - straight line, f - centaur warrior
Aim: a centaur warrior, wielding a +0 shortbow (lightly wounded, very poisoned, 77% to hit)
The puff of flame hits the centaur warrior.
The centaur warrior is moderately wounded.
The centaur warrior shoots an arrow.
The arrow hits you!
* * * LOW HITPOINT WARNING * * *
Unknown command.
Okay, then.
Okay, then.
As you read the scroll of fog, it dissolves into smoke.
The centaur warrior shoots an arrow.
The arrow barely misses you.
You hear a roar!
Unknown command.
As you read the scroll of teleportation, it crumbles to dust.
You feel strangely unstable.
The centaur warrior shoots an arrow.
The arrow hits you!!
You die...

#..# #..# #..# ♣♣♣#..#
### ##+## # ..#..#
♣♣.♣♣#...# .♣♣#♣♣♣♣§#..#
♣...♣♣)..♣♣...♣♣@☼☼○§#..#
.....'<8>'c..☼.§§♣♣♣§.§○#
♣...♣♣B..♣♣§§°♣♣☼☼...#..#
♣♣.♣♣#...#♣♣. #♣♣♣♣.#..#
### ##'## # #.....#..#
♣.....♣ #.♣♣♣♣#..#
♣..PPP..♣ #.....#..#
....P~P.... #♣♣♣♣.#..#
♣♣♣..PPP..♣♣♣ ♣...#..#


You could see a centaur warrior (poisoned).

Vanquished Creatures
  2 two-headed ogres (D:11)
  An ugly thing (D:11)
  Joseph (D:8)
  A gargoyle (D:11)
  Jeremiah (D:8)
  A komodo dragon (D:11)
  2 trolls
  Prince Ribbit (D:8)
  Grinder (D:5)
  A wraith (D:7)
  A vampire (D:11)
  2 steam dragons
  The ghost of ShellytheWitch the Sneak, an amateur KoBr (D:3)
  2 water moccasins
  An ice beast (D:5)
  An orc warrior (D:10)
  A black bear (D:5)
  A sky beast (D:7)
  An ogre (D:4)
  3 wolves (D:7)
  2 centaurs
  A phantom (D:7)
  3 kobold brigands
  Blork the orc (D:5)
  3 bullfrogs
  2 gnoll sergeants
  6 scorpions
  10 wights
  8 electric eels
  4 howler monkeys
  2 bombardier beetles
  4 orc priests
  A gnoll bouda (D:4)
  6 hounds
  3 jellies
  4 sleepcaps
  6 iguanas
  8 orc wizards
  13 adders
  15 gnolls
  A shadow imp (D:7)
  2 white imps
  5 dart slugs
  4 ribbon worms
  28 orcs
  10 bats
  10 endoplasms
  4 giant cockroaches
  8 goblins
  7 hobgoblins
  4 jackals (D:4)
  5 quokkas
  9 ball pythons
  3 frilled lizards
  13 kobolds
  7 rats
  2 butterflies (D:7)
250 creatures vanquished.

Vanquished Creatures (collateral kills)
  A troll (D:7)
  A wolf (D:7)
2 creatures vanquished.

Vanquished Creatures (others)
  An orc (D:7)
1 creature vanquished.

Grand Total: 253 creatures vanquished

Notes
Turn   | Place    | Note
-------+----------+-------------------------------------------
     0 | D:1      | hawla the Minotaur Fighter began the quest for the Orb.
     0 | D:1      | Reached XP level 1. HP: 19/19 MP: 0/0
   324 | D:1      | Reached XP level 2. HP: 25/26 MP: 1/1
   347 | D:1      | Reached skill level 4 in Armour
  1150 | D:2      | Found an ancient bone altar of Kikubaaqudgha.
  1159 | D:2      | Reached XP level 3. HP: 30/31 MP: 2/2
  1635 | D:2      | Identified the +5 short sword of Fimbulwinter {flame, rN+}
  2038 | D:3      | Reached XP level 4. HP: 39/39 MP: 3/3
  2250 | D:3      | Reached skill level 1 in Short Blades
  2463 | D:3      | Found a bloodstained altar of Trog.
  2479 | D:3      | Found a runed translucent door.
  2480 | D:3      | Noticed ShellytheWitch's ghost (amateur KoBr)
  2772 | D:3      | Killed ShellytheWitch's ghost
  2773 | D:3      | Reached skill level 5 in Armour
  2773 | D:3      | Reached skill level 5 in Shields
  2773 | D:3      | Reached XP level 5. HP: 40/45 MP: 4/4
  2776 | D:3      | Reached XP level 6. HP: 43/51 MP: 5/5
  2782 | D:3      | Identified the staff "Faelipt" {rElec rC- SInv Air Alchemy}
  3040 | D:4      | Reached skill level 5 in Axes
  3068 | D:4      | Noticed a water moccasin
  3075 | D:4      | Killed a water moccasin
  3102 | D:4      | Reached skill level 6 in Armour
  3102 | D:4      | Reached XP level 7. HP: 37/57 MP: 6/6
  3309 | D:4      | Identified the +6 short sword of Dish {vamp, rPois Str-5
                  | SInv}
  3624 | D:5      | Entered Level 5 of the Dungeon
  3817 | D:5      | Reached skill level 7 in Armour
  3837 | D:5      | Reached skill level 5 in Short Blades
  3897 | D:5      | Reached XP level 8. HP: 47/64 MP: 7/7
  3921 | D:5      | Noticed Blork the orc
  3937 | D:5      | Killed Blork the orc
  4084 | D:5      | Noticed Grinder
  4100 | D:5      | Killed Grinder
  4325 | D:6      | Reached skill level 8 in Armour
  4496 | D:6      | Found an iron altar of Okawaru.
  4513 | D:6      | Found Neadoll's Magic Scroll Boutique.
  4532 | D:6      | Bought a scroll of teleportation for 39 gold pieces
  4532 | D:6      | Bought a scroll of enchant weapon for 97 gold pieces
  4532 | D:6      | Bought a scroll of identify for 26 gold pieces
  4532 | D:6      | Bought a scroll of teleportation for 39 gold pieces
  4532 | D:6      | Bought 3 scrolls of identify for 78 gold pieces
  4816 | D:6      | Reached skill level 9 in Armour
  4988 | D:7      | Reached XP level 9. HP: 70/70 MP: 8/8
  5322 | D:7      | Found a radiant altar of Vehumet.
  5413 | D:7      | Reached skill level 10 in Armour
  5612 | D:7      | Found a staircase to the Ecumenical Temple.
  5633 | Temple   | Entered the Ecumenical Temple
  5673 | D:7      | Found a glowing golden altar of the Shining One.
  5839 | D:7      | Found a white marble altar of Elyvilon.
  5942 | D:8      | Noticed Joseph
  5961 | D:8      | Killed Joseph
  5988 | D:8      | Noticed a troll
  5990 | D:8      | Noticed Jeremiah
  6021 | D:7      | Killed a troll
  6022 | D:7      | Reached skill level 11 in Armour
  6133 | D:7      | Reached XP level 10. HP: 72/74 MP: 9/9
  6150 | D:8      | Killed Jeremiah
  6151 | D:8      | Reached skill level 10 in Short Blades
  6163 | D:8      | Found a staircase to the Lair.
  6189 | D:8      | HP: 3/73 [electric eel/bolt of electricity (11)]
  6191 | D:8      | HP: 1/73 [electric eel/bolt of electricity (13)]
  6264 | D:8      | Noticed Prince Ribbit
  6284 | D:8      | Reached skill level 12 in Armour
  6296 | D:8      | Killed Prince Ribbit
  6763 | D:8      | Identified the +6 spear "Ismewn" {freeze, Will+ Dex+2}
  6908 | D:9      | Reached skill level 13 in Armour
  7095 | D:9      | Found a hide-covered altar of Uskayaw.
  7239 | D:9      | Found a transporter.
  7296 | D:9      | Found a basalt altar of Yredelemnul.
  7300 | D:9      | Noticed a death knight
  7307 | D:9      | Found an ancient bone altar of Kikubaaqudgha.
  7311 | D:9      | Found a transporter.
  7590 | D:9      | Found a shimmering blue altar of Sif Muna.
  7598 | D:9      | Found a shimmering altar of Xom.
  7697 | D:10     | Entered Level 10 of the Dungeon
  7740 | D:10     | Reached skill level 1 in Dodging
  7778 | D:10     | Found a burning altar of Makhleb.
  7778 | D:10     | Found a sacrificial altar of Ru.
  8849 | D:11     | Found a portal to a secret trove of treasure.
  8991 | D:11     | Noticed a gargoyle
  8992 | D:11     | Noticed a two-headed ogre
  8997 | D:11     | Killed a gargoyle
  8998 | D:11     | Reached skill level 14 in Armour
  9009 | D:11     | Killed a two-headed ogre
  9039 | D:11     | Noticed a two-headed ogre
  9051 | D:11     | Killed a two-headed ogre
  9052 | D:11     | Reached XP level 11. HP: 74/82 MP: 10/10
  9053 | D:11     | Noticed a boulder beetle
  9147 | D:11     | Noticed a purple ugly thing
  9165 | D:11     | Killed a purple ugly thing
  9166 | D:11     | Reached skill level 5 in Dodging
  9174 | D:11     | Noticed a centaur warrior
  9198 | D:11     | Shot with an arrow by a centaur warrior

Illustrated notes

Levels and vault maps discovered:
D:1:      arrival_zaba_pyramid, layout_basic
D:2:      layout_loops_corners, basic_altar, minmay_octomino_e4
D:3:      layout_loops_cross, mainiacjoe_overflow_alcove_2,
          ebering_ghost_inner_flame, amethyst_killhole
D:4:      layout_basic, minmay_manual_mail
D:5:      layout_cave_pools, minmay_misc_feat_five, minmay_holes,
          uniq_blork_the_orc, uniq_grinder
D:6:      layout_loops_ring, okawaru_gym_becter, serial_shops,
          nicolae_shop_window_shopping
D:7:      layout_rooms, vehumet_altar_wand_db, lemuel_coloured_pillars_altar,
          nicolae_elyvilon_temple_path, minmay_temple_entry_butterflies,
          minmay_fractal_squares_diagonal_5
D:8:      layout_loops_ring, erik_lair_island, minmay_misc_feat_iff,
          uniq_jeremiah, uniq_joseph, uniq_prince_ribbit1
D:9:      layout_basic, gammafunk_temple_of_torment, old_standard_altar,
          mainiacjoe_overflow_big_doors
D:10:     layout_roguey, gammafunk_temple_overflow_pools, roderic_st_hans_cross,
          kennysheep_generic_room_4
D:11:     nzn_winding_woodlands_stair_cross
          [nzn_winding_woodlands_5x15_concentric,
          nzn_winding_woodlands_center_diamonds,
          nzn_winding_woodlands_5x15_pathside_ponds,
          nzn_winding_woodlands_5x5_default,
          nzn_winding_woodlands_5x5_open_star,
          nzn_winding_woodlands_5x15_garden,
          nzn_winding_woodlands_center_triple_pond,
          nzn_winding_woodlands_5x15_sidewinder], layout_basic,
          nicolae_trove_entry_crystal, eino_small_chamber_without_monster
Temple:   nicolae_temple_two_arcs

Skill      XL: |  1  2  3  4  5  6  7  8  9 10 11 |
---------------+----------------------------------+-----
Armour         | 4 5 6 7 9 11 14 | 14.4
Shields        | 4 5 6 |  6.8
Axes           | 3 4 5 6 7 |  7.4
Short Blades   | 2 3 5 7 9 10 | 10.0
Dodging        | 4 5 |  5.0
Fighting       | |  3.6

Action                     |  1- 3 |  4- 6 |  7- 9 | 10-12 || total
---------------------------+-------+-------+-------+-------++-------
  Melee: War axe           |    86 |       |       |       ||    86
         Headbutt          |    13 |    17 |    68 |    69 ||   167
         Short sword       |     6 |   102 |   425 |   302 ||   835
         Long sword        |       |       |       |    21 ||    21
  Evoke: Wand              |       |       |       |     9 ||     9
    Use: Scroll            |     8 |       |    11 |    13 ||    32
         Potion            |       |       |     1 |     1 ||     2
   Stab: Distracted        |       |       |     1 |       ||     1
 Armour: Scale mail        |    52 |       |       |       ||    52
         Plate armour      |       |    64 |   346 |   231 ||   641
  Dodge: Dodged            |    43 |    20 |   114 |    62 ||   239
  Block: Buckler           |    22 |    18 |   120 |    33 ||   193
         Kite shield       |       |       |       |    58 ||    58
